 Dungeon Crawl Stone Soup version 0.29-a0-520-gc852659d43 (webtiles) character file.

Game seed: 10500741365097808446

18791 Bruhh the Severer (level 12, -1/107 HPs)
             Began as a Hill Orc Fighter on May 31, 2022.
             Was the Champion of Okawaru.
             Slain by a nine-headed hydra (13 damage)
             ... on level 2 of the Lair of Beasts.
             The game lasted 00:21:46 (15454 turns).

Bruhh the Severer (Hill Orc Fighter)               Turns: 15454, Time: 00:21:47

Health: -1/107     AC: 12    Str: 24    XL:     12   Next: 62%
Magic:  21/21      EV: 13    Int:  8    God:    Okawaru [******]
Gold:   964        SH:  5    Dex: 10    Spells: 11/11 levels left

rFire   . . .      SeeInvis .   R - +0 broad axe (vamp)
rCold   . . .      Faith    .   c - +0 buckler
rNeg    . . .      Spirit   .   O - +3 scale mail
rPois   +          Reflect  .   (no helmet)
rElec   .          Harm     .   (no cloak)
rCorr   .          Rampage  .   r - +0 pair of gloves
Will    .....                   (no boots)
Stlth   ..........              H - amulet of regeneration
HPRegen 1.07/turn               t - ring of poison resistance
MPRegen 0.17/turn               D - +4 ring of evasion

@: silenced (expiring), slowed, very slow
A: no striking features
a: Renounce Religion


You were on level 2 of the Lair of Beasts.
You worshipped Okawaru.
Okawaru was exalted by your worship.
You visited 2 branches of the dungeon, and saw 12 of its levels.
You also visited: Ossuary.

You collected 964 gold pieces.

Inventory:

Hand Weapons
 a - a +0 war axe
 m - a +0 vorpal war axe
 w - a +1 vorpal broad axe
 N - a +3 battleaxe
 P - a +8 rapier of electrocution
 R - a +0 vampiric broad axe (weapon)
Missiles
 A - 3 throwing nets (quivered)
Armour
 b - a +0 scale mail
 c - a +0 buckler (worn)
 i - a +0 plate armour
 r - a +0 pair of gloves (worn)
 B - a +3 ring mail
 O - a +3 scale mail (worn)
Jewellery
 t - a ring of poison resistance (left hand)
 D - a +4 ring of evasion (right hand)
 F - an amulet of faith
 H - an amulet of regeneration (around neck)
Wands
 f - a wand of acid (6)
 C - a wand of flame (14)
 K - a wand of polymorph (11)
 Q - a wand of iceblast (2)
Scrolls
 h - 2 scrolls of enchant weapon
 j - 4 scrolls of enchant armour
 k - a scroll of teleportation
 l - 3 scrolls of fear
 n - 2 scrolls of fog
 p - 3 scrolls of magic mapping
 q - 2 scrolls of blinking
 x - 4 scrolls of noise
 y - 2 scrolls of amnesia
 E - 3 scrolls of vulnerability
 S - 3 scrolls of identify
Potions
 d - 3 potions of might
 e - 3 potions of attraction
 g - a potion of flight
 s - 3 potions of curing
 u - a potion of magic {unknown}
 v - 5 potions of mutation {unknown}
 z - a potion of cancellation {unknown}
 G - a potion of haste {unknown}
 I - a potion of resistance
 L - a potion of brilliance
 M - a potion of heal wounds


   Skills:
 + Level 10.5 Fighting
 - Level 16.0 Axes
 - Level 7.8 Armour
 - Level 5.5 Shields
 - Level 12.0 Invocations
 + Level 7.7 Evocations


You had 11 spell levels left.
You didn't know any spells.
Your spell library contained the following spells:

 Spells                   Type           Power      Damage    Failure   Level
 Slow                     Hex            0%         N/A       77%         1
 Blink                    Tloc           0%         N/A       88%         2
 Wereblood                Tmut           0%         N/A       88%         2
 Confusing Touch          Hex            0%         N/A       98%         3
 Gell's Gravitas          Tloc           0%         N/A       98%         3
 Lesser Beckoning         Tloc           0%         N/A       98%         3
 Teleport Other           Tloc           0%         N/A       98%         3
 Vampiric Draining        Necr           0%         2d6       98%         3
 Manifold Assault         Tloc           0%         N/A       100%        5
 Maxwell's Capacitive Co  Air            0%         ∞         100%        8
 Chain Lightning          Conj/Air       0%         N/A       100%        9


Dungeon Overview and Level Annotations

Branches:
Dungeon (10/15)            Temple (0/1) D:6            Lair (2/6) D:10
Ossuary (visited)
  Swamp: Lair:2-4    Shoals: Lair:2-4     Snake: Lair:2-4    Spider: Lair:2-4
    Orc: D:9-12

Altars:
Ashenzari
Cheibriados
Dithmenos
Elyvilon
Fedhas
Gozag
Okawaru
Qazlal
Trog
Vehumet
Wu Jian
Xom

Annotations:
Lair:2 Gastronok


Message History

You lop one of the eight-headed hydra's heads off!
The seven-headed hydra grows two more!
You slice the nine-headed hydra!!
The nine-headed hydra bites you but does no damage. x2
The nine-headed hydra bites you. x2
The nine-headed hydra bites you but does no damage.
The nine-headed hydra bites you.
You block the nine-headed hydra's attack.
The nine-headed hydra bites you. The nine-headed hydra bites you!
Gastronok bites you!!
* * * LOW HITPOINT WARNING * * *
Unknown command.
The nine-headed hydra attacks as you move away!
The nine-headed hydra bites you.
* * * LOW HITPOINT WARNING * * *
You block the nine-headed hydra's attack. x2
The nine-headed hydra bites you!
* * * LOW HITPOINT WARNING * * *
The nine-headed hydra bites you.
* * * LOW HITPOINT WARNING * * *
The nine-headed hydra closely misses you.
The nine-headed hydra bites you.
* * * LOW HITPOINT WARNING * * *
The nine-headed hydra bites you.
* * * LOW HITPOINT WARNING * * *
The nine-headed hydra bites you but does no damage.
Magic scrolls do not work when you're silenced!
You feel much better. The nine-headed hydra bites you!
* * * LOW HITPOINT WARNING * * *
The nine-headed hydra bites you but does no damage.
The nine-headed hydra misses you. The nine-headed hydra bites you.
* * * LOW HITPOINT WARNING * * *
The nine-headed hydra bites you but does no damage. x3
The nine-headed hydra bites you!
* * * LOW HITPOINT WARNING * * *
The nine-headed hydra misses you.
Gastronok mumbles some strange words.
Gastronok puts on a burst of speed!
The nine-headed hydra bites you but does no damage.
The nine-headed hydra bites you!
You die...

..#......+...... .#
..##....##.....# .##
.###....##.P#+.##.P#
#..#.....#....##..P#
.....§............#
...§§D............##
...§§..............#
..§§...........D...#
..§§...........w@.##
cc§...............##
P§P#....##..#.#P..P#
P..P....###.#####.##
Y.P...... #.# #..#
.P......###.. ##..#
........# #... #...#
........# #.#####.##
......... ### #.#


You could see Gastronok (swift) and a nine-headed hydra.

Vanquished Creatures
  2 hydras (Lair:1)
  Erolcha (Arena)
  A two-headed ogre (D:8)
  A death yak (D:10)
  Pikel (D:9)
  An elephant (D:10)
  A manticore (D:9)
  An ugly thing (D:10)
  Maurice (D:8)
  4 cane toads (Lair:1)
  A rime drake (Lair:1)
  Maggie (D:8)
  2 komodo dragons (Lair:1)
  2 trolls
  Prince Ribbit (D:6)
  A meliai zombie (D:10)
  A shadow (D:10)
  A vampire (D:9)
  Sigmund (D:6)
  A wraith (D:9)
  2 wyverns
  15 yaks (Lair:1)
  A basilisk (D:10)
  Eustachio (D:6)
  4 wargs (D:10)
  4 water moccasins
  4 ogres
  9 orc warriors
  An ice beast (D:7)
  A black bear (D:10)
  2 centaurs
  3 lemures (D:9)
  A kobold brigand (D:9)
  3 necrophages
  6 bullfrogs
  A gnoll sergeant (D:9)
  3 scorpions
  7 wights
  22 killer bees
  4 howler monkeys
  An electric eel (D:10)
  6 centaur zombies (D:10)
  A jelly (D:7)
  5 orc priests
  A hound (D:4)
  2 gnoll shamans
  2 iguanas (D:7)
  15 orc wizards
  8 mummies (Ossuary)
  16 gnolls
  6 adders
  2 shadow imps
  2 white imps
  An ufetubus (D:5)
  44 orcs
  12 bats
  4 endoplasms
  3 giant cockroaches
  A gnoll zombie (Ossuary)
  7 goblins
  10 hobgoblins
  6 quokkas
  6 ball pythons
  3 frilled lizards
  2 hobgoblin zombies (Ossuary)
  14 kobolds
  2 kobold zombies (Ossuary)
  3 orc zombies (Ossuary)
  8 rats
  A spectral goblin (D:1)
314 creatures vanquished.

Vanquished Creatures (others)
  4 fungi
  41 plants
45 creatures vanquished.

Grand Total: 359 creatures vanquished

Notes
Turn   | Place    | Note
-------+----------+-------------------------------------------
     0 | D:1      | Bruhh the Hill Orc Fighter began the quest for the Orb.
     0 | D:1      | Reached XP level 1. HP: 19/19 MP: 1/1
    27 | D:1      | Found a faded altar of an unknown god.
    92 | D:1      | Reached skill level 3 in Axes
   204 | D:1      | Reached XP level 2. HP: 26/26 MP: 2/2
   489 | D:1      | Reached skill level 4 in Axes
  1000 | D:2      | Reached XP level 3. HP: 31/31 MP: 3/3
  1453 | D:2      | Reached skill level 5 in Axes
  1863 | D:2      | Reached XP level 4. HP: 39/39 MP: 4/4
  1982 | D:2      | Noticed an ogre
  1983 | D:2      | Noticed a scorpion
  2005 | D:2      | Killed an ogre
  2006 | D:2      | Reached skill level 7 in Axes
  2006 | D:2      | Reached XP level 5. HP: 29/45 MP: 5/5
  2427 | D:2      | Reached skill level 8 in Axes
  2427 | D:2      | Reached XP level 6. HP: 46/51 MP: 6/6
  2845 | D:3      | Found an opulent altar of Gozag.
  2845 | D:3      | Found an iron altar of Okawaru.
  2845 | D:3      | Found a snail-covered altar of Cheibriados.
  2848 | D:3      | Found a broken altar of Ashenzari.
  2848 | D:3      | Found a radiant altar of Vehumet.
  2853 | D:3      | Found a blossoming altar of Fedhas.
  2854 | D:3      | Found a bloodstained altar of Trog.
  2868 | D:3      | Became a worshipper of Warmaster Okawaru
  3382 | D:4      | Found a sand-covered staircase.
  3383 | D:4      | Got the Papyrus of the Gods
  3395 | Ossuary  | Entered an ossuary
  3561 | Ossuary  | Reached skill level 9 in Axes
  3975 | D:4      | Reached XP level 7. HP: 14/57 MP: 7/7
  4334 | D:4      | Reached skill level 10 in Axes
  4718 | D:5      | Entered Level 5 of the Dungeon
  4757 | D:5      | Found a white marble altar of Elyvilon.
  4849 | D:5      | Reached skill level 5 in Fighting
  4886 | D:5      | Reached XP level 8. HP: 23/71 MP: 8/8
  4890 | D:5      | Reached * piety under Okawaru
  5698 | D:5      | Identified the +1 pair of boots "Ypnesch" {Harm rN+ Str+2}
  5891 | D:5      | Reached ** piety under Okawaru
  6710 | D:6      | Reached skill level 10 in Fighting
  6728 | D:6      | Noticed Eustachio
  7133 | D:6      | Killed Eustachio
  7134 | D:6      | Reached XP level 9. HP: 54/85 MP: 9/9
  7333 | D:6      | Reached skill level 5 in Armour
  7441 | D:6      | Noticed Prince Ribbit
  7449 | D:6      | Killed Prince Ribbit
  7525 | D:6      | Noticed Sigmund
  7532 | D:6      | Reached skill level 1 in Invocations
  7537 | D:6      | Killed Sigmund
  7717 | D:6      | Found a staircase to the Ecumenical Temple.
  8392 | D:7      | Reached skill level 5 in Invocations
  8874 | D:7      | Reached *** piety under Okawaru
  8962 | D:7      | Found a shadowy altar of Dithmenos.
  8980 | D:7      | Found a stormy altar of Qazlal.
  9941 | D:8      | Noticed a two-headed ogre
  9947 | D:8      | Killed a two-headed ogre
  9947 | D:8      | Reached **** piety under Okawaru
  9948 | D:8      | Reached skill level 11 in Axes
  9948 | D:8      | Reached XP level 10. HP: 63/93 MP: 15/17
 10073 | D:8      | Noticed Maurice
 10084 | D:8      | Killed Maurice
 10106 | D:8      | Noticed Maggie
 10120 | D:8      | Killed Maggie
 10121 | D:8      | Reached skill level 10 in Invocations
 11274 | D:8      | Found a shimmering altar of Xom.
 11805 | D:9      | Noticed Pikel
 11818 | D:9      | Killed Pikel
 11819 | D:9      | Reached skill level 12 in Axes
 12124 | D:9      | Reached ***** piety under Okawaru
 12246 | D:9      | Reached skill level 13 in Axes
 12420 | D:9      | Reached XP level 11. HP: 83/99 MP: 19/19
 12445 | D:9      | Noticed Erolcha
 12731 | Arena    | Entered the Arena
 12742 | Arena    | Killed Erolcha
 12849 | D:9      | Noticed a manticore
 12862 | D:9      | Killed a manticore
 12863 | D:9      | Reached skill level 14 in Axes
 13246 | D:10     | Entered Level 10 of the Dungeon
 13303 | D:10     | Noticed a green ugly thing
 13325 | D:10     | Killed a green ugly thing
 13325 | D:10     | Received a gift from Okawaru
 13436 | D:10     | Reached skill level 15 in Axes
 13518 | D:10     | Found a staircase to the Lair.
 13518 | D:10     | Noticed a death yak
 13546 | D:10     | Killed a death yak
 13555 | D:10     | Reached skill level 5 in Shields
 13653 | D:10     | Found an ornate altar of the Wu Jian Council.
 13989 | D:10     | HP: 4/99 [orc warrior/+0 dire flail (12)]
 14341 | Lair:1   | Entered Level 1 of the Lair of Beasts
 14392 | Lair:1   | Reached skill level 16 in Axes
 14428 | Lair:1   | Reached skill level 1 in Evocations
 14430 | Lair:1   | Reached XP level 12. HP: 104/106 MP: 21/21
 14605 | Lair:1   | Reached skill level 5 in Evocations
 14649 | Lair:1   | Reached ****** piety under Okawaru
 14683 | Lair:1   | Noticed an eight-headed hydra
 14712 | Lair:1   | Killed an eight-headed hydra
 14712 | Lair:1   | Received a gift from Okawaru
 14869 | Lair:1   | Noticed a six-headed hydra
 14882 | Lair:1   | Killed an eight-headed hydra
 15402 | Lair:2   | Noticed an eight-headed hydra
 15402 | Lair:2   | Noticed Gastronok
 15423 | Lair:2   | Noticed a catoblepas
 15453 | Lair:2   | HP: 3/107 [nine-headed hydra (5)]
 15454 | Lair:2   | Slain by a nine-headed hydra

Illustrated notes

Levels and vault maps discovered:
D:1:      amcnicky_arrival_single_pillar, layout_loops_ring,
          dreamdust_ecumenical_altar_drowned_temple
D:2:      layout_basic, chequers_serial_rivers_small_b,
          minmay_misc_feat_enclosed, solitary_fountain, minmay_misc_feat_iff,
          minmay_divided_ellipse
D:3:      layout_loops_ring, grunt_temple_overflow_open, st_stairs_1
D:4:      layout_loops_ring, nicolae_ossuary_entry_monument, dk_noncrumbling_4,
          serial_bayou_lagoon_a, st_stairs_14, kennysheep_generic_room_12
D:5:      layout_rooms, elyvilon_altar_5
D:6:      layout_basic, minmay_temple_entry_butterflies, kennysheep_cross_room,
          uniq_sigmund, uniq_prince_ribbit1, uniq_eustachio
D:7:      layout_basic, grunt_dithmenos_smoke_and_mirrors, lemuel_crystal_altar,
          minmay_quadrilaterals
D:8:      layout_basic, mainiacjoe_overflow_tiny_flanked, due_unseen_surprise,
          uniq_maurice, uniq_maggie
D:9:      nicolae_cairo_tiling, layout_long_grid, nicolae_fountain_basement,
          uniq_pikel, uniq_erolcha
D:10:     layout_roguey, lemuel_doored_altar, david_lair_generic, serial_undead,
          serial_undead_c, serial_undead_e, serial_undead_d, serial_undead_d,
          serial_undead_a, serial_undead_a, serial_undead_a, nooodl_orcs_dogs
Lair:1:   layout_roguey
Lair:2:   layout_regular_city, minmay_shoals_entry_centaurs,
          nicolae_spider_entry_non_spiders, ebering_ghost_rock_garden,
          uniq_gastronok

Skill      XL: |  1  2  3  4  5  6  7  8  9 10 11 12 |
---------------+-------------------------------------+-----
Axes           | 3 4 5 7 8 9 10 11 13 16 | 16.0
Fighting       | 6 10 | 10.5
Armour         | 4 6 7 |  7.8
Invocations    | 9 11 12 | 12.0
Shields        | 5 |  5.5
Evocations     | 1 7 |  7.7

Action                   |  1- 3 |  4- 6 |  7- 9 | 10-12 || total
-------------------------+-------+-------+-------+-------++-------
Melee: War axe           |   141 |   167 |   372 |   358 ||  1038
       Battleaxe         |       |       |       |    61 ||    61
       Broad axe         |       |       |       |   136 ||   136
Invok: Heroism           |       |       |       |     1 ||     1
       Finesse           |       |       |       |     1 ||     1
       Duel              |       |       |       |     1 ||     1
Evoke: Wand              |       |       |       |     5 ||     5
  Use: Potion            |       |    11 |     4 |     6 ||    21
       Scroll            |       |       |     9 |    16 ||    25
Armor: Scale mail        |    75 |    33 |       |   139 ||   247
       Skin              |       |    12 |    18 |    39 ||    69
       Plate armour      |       |    73 |    72 |       ||   145
       Ring mail         |       |       |    64 |    53 ||   117
Dodge: Dodged            |    85 |    50 |   138 |   325 ||   598
Block: Buckler           |    26 |    28 |    87 |   100 ||   241

Table legend: (Time is in decaauts)
 A = Elapsed time spent in this place.
 B = Non-inter-level travel time spent in this place.
 C = Inter-level travel time spent in this place.
 D = Time resting spent in this place.
 E = Time spent auto-exploring this place.
 F = Levels seen in this place.
 G = Mean time per level.
                   A        B        C        D        E       F      G
               +--------+--------+--------+--------+--------+-----+--------+
         Total |  15489 |  15086 |    403 |   1686 |  10685 |  14 | 1106.4 |
       Dungeon |  13887 |  13517 |    370 |   1686 |   9616 |  10 | 1388.7 |
          Lair |   1087 |   1054 |     33 |      0 |    729 |   2 |  543.5 |
       Ossuary |    497 |    497 |      0 |      0 |    340 |   1 |  497.0 |
         Arena |     16 |     16 |      0 |      0 |      0 |   1 |   16.0 |
               +--------+--------+--------+--------+--------+-----+--------+

Top non-repeatable levels by time:
     D:5: 2350 daAuts
     D:8: 2081 daAuts
     D:2: 1934 daAuts
     D:6: 1476 daAuts
     D:7: 1412 daAuts
     D:9: 1224 daAuts
    D:10: 1031 daAuts
  Lair:1: 940 daAuts
     D:4: 865 daAuts
     D:3: 774 daAuts
     D:1: 734 daAuts
 Ossuary: 497 daAuts
  Lair:2: 147 daAuts
   Arena: 16 daAuts
